 Dungeon Crawl Stone Soup version 0.20.1-1-g8b1a95d (webtiles) character file.

2767 polve the Transmogrifier (level 9, -12/74 HPs)
             Began as a Purple Draconian Transmuter on July 3, 2017.
             Mangled by a wyvern (16 damage)
             ... on level 8 of the Dungeon.
             The game lasted 00:11:23 (10270 turns).

polve the Transmogrifier (DrTm)                    Turns: 10270, Time: 00:11:23

Health: -12/74     AC: 16    Str: 16    XL:     9   Next: 42%
Magic:  7/12       EV: 12    Int: 16    God:
Gold:   440        SH:  0    Dex: 11    Spells: 1/12 levels left

rFire    . . .     SeeInvis .     - Unarmed
rCold    . . .     Gourm    .   (no shield)
rNeg     . . .     Faith    .   (armour unavailable)
rPois    +         Spirit   .   (helmet restricted)
rElec    .         Reflect  .   J - +0 cloak {rPois}
rCorr    .         Harm     .   A - +2 pair of gloves
MR       +....                  u - +1 pair of boots
Stlth    +.........             (no amulet)
Regen    0.3/turn               v - +3 ring of protection
MPRegen  0.2/turn               (no ring)

@: appendage, very slightly contaminated
A: breathe power, unfitting armour, claws 1, horns 2, strong 1, cold-blooded, AC
+7
a: Breathe Dispelling Energy, End Transformation


You were on level 8 of the Dungeon.
You were hungry.
You had grown temporary horns.
You visited 1 branch of the dungeon, and saw 8 of its levels.

You collected 440 gold pieces.

Inventory:

Hand Weapons
 b - a +0 blowgun
Missiles
 a - 73 arrows (quivered)
 x - 47 poisoned needles
Armour
 u - a +1 pair of boots (worn)
 A - a +2 pair of gloves (worn)
 J - a +0 cloak of poison resistance (worn)
Jewellery
 v - a +3 ring of protection (left hand)
Wands
 M - a wand of enslavement (16/24)
Scrolls
 d - a scroll of blinking {unknown}
 e - a scroll of immolation {unknown}
 h - 6 scrolls of identify {unknown}
 i - 5 scrolls of teleportation {unknown}
 l - 9 scrolls of remove curse {unknown}
 n - a scroll of fog {unknown}
 p - 3 scrolls of enchant armour {unknown}
 r - 6 scrolls of random uselessness {unknown}
 F - 3 scrolls of enchant weapon {unknown}
 G - a scroll of magic mapping {unknown}
 H - a scroll of recharging {unknown}
 I - a scroll of amnesia {unknown}
Potions
 g - a potion of resistance {unknown}
 j - 2 potions of agility
 k - a potion of magic {unknown}
 m - 2 potions of curing {unknown}
 o - 2 potions of flight
 q - a potion of might {unknown}
 s - 2 potions of degeneration {unknown}
 z - a potion of haste {unknown}
 D - 2 potions of invisibility
 E - a potion of lignification {unknown}
 L - a potion of brilliance {unknown}
Books
 w - a book of Changes

   Spells                             Type                      Level
   a - Beastly Appendage              Transmutation                1
   b - Sticks to Snakes               Transmutation                2
   c - Spider Form                    Transmutation/Poison         3
   d - Ice Form                       Ice/Transmutation            4
   e - Blade Hands                    Transmutation                5
 y - a book of Maledictions

   Spells                             Type                      Level
   a - Corona                         Hexes                        1
   b - Ensorcelled Hibernation        Hexes/Ice                    2
   c - Confuse                        Hexes                        3
   d - Tukima's Dance                 Hexes                        3
   e - Dazzling Spray                 Conjuration/Hexes            3
 C - a book of Misfortune

   Spells                             Type                      Level
   a - Confusing Touch                Hexes                        1
   b - Confuse                        Hexes                        3
   c - Gell's Gravitas                Translocation                3
   d - Petrify                        Transmutation/Earth          4
   e - Metabolic Englaciation         Hexes/Ice                    5
   f - Yara's Violent Unravelling     Hexes/Transmutation          5
Comestibles
 c - 10 bread rations
 f - 4 royal jellies
 t - 6 fruits
 B - a meat ration


   Skills:
 + Level 5.1 Fighting
 - Level 1.7 Dodging
 * Level 7.6 Unarmed Combat
 - Level 2.4 Spellcasting
 - Level 10.1 Transmutations


You had one spell level left.
You knew the following spells:

 Your Spells              Type           Power        Failure   Level  Hunger
a - Beastly Appendage     Tmut           ####..       1%          1    #......
b - Sticks to Snakes      Tmut           ####....     1%          2    ###....
c - Spider Form           Tmut/Pois      ###.......   8%          3    ###....
d - Blade Hands           Tmut           ####......   9%          5    ######.


Dungeon Overview and Level Annotations

Branches:
Dungeon (8/15)             Temple (0/1) D:7
   Lair: D:8-11

Altars:
Dithmenos
Elyvilon
Ru
Sif Muna
Vehumet

Annotations:
D:5 appiemonkey's ghost, amateur TrMo


Innate Abilities, Weirdness & Mutations

You can breathe bolts of dispelling energy.
Your rich purple scales are hard. (AC +7)
You cannot fit into any form of body armour.
You are cold-blooded and may be slowed by cold attacks.
You have sharp fingernails.
You have a pair of horns on your head.
Your muscles are strong. (Str +2)


Message History

The wyvern is moderately wounded.
The wyvern bites you!
* * * LOW HITPOINT WARNING * * *
You punch the wyvern!
The wyvern is severely wounded.
The wyvern bites you!
* * * LOW HITPOINT WARNING * * *
The wyvern bites you.
* * * LOW HITPOINT WARNING * * *
You hit the wyvern but do no damage.
Your tail-slap misses the wyvern.
The wyvern is severely wounded.
The wyvern barely misses you.
You punch the wyvern!
The wyvern is almost dead.
The wyvern bites you!
* * * LOW HITPOINT WARNING * * *
You closely miss the wyvern.
The wyvern is almost dead.
The wyvern barely misses you. The wyvern bites you!
You die...

#######.....)......###
##...##.###.##
######.# ### #.# #.#
#.# ##.# ######..#
#...l@..# #.##.#...#
#.#........
##.#..>#### #.#.##
#..# .# +#


You could see a wyvern.

Vanquished Creatures
  The ghost of vishdafish the Spear-Bearer, a novice DsFi of Makhleb (D:8)
  2 hippogriffs
  A spriggan (D:8)
  An ice beast (D:5)
  A sky beast (D:6)
  A necrophage (D:5)
  A centaur (D:7)
  A black bear (D:7)
  A crocodile (D:7)
  A bullfrog (D:7)
  A wyvern zombie (D:8)
  A scorpion (D:7)
  A howler monkey (D:7)
  4 crimson imps
  A jelly (D:6)
  Crazy Yiuf (D:6)
  A centaur zombie (D:6)
  3 hounds
  A centaur skeleton (D:8)
  6 orc wizards
  2 iguanas (D:5)
  4 worker ants
  Robin (D:2)
  6 gnolls
  5 adders
  2 shadow imps
  An adder skeleton (D:7)
  An adder zombie (D:7)
  3 worms
  2 dart slugs (D:1)
  8 leopard geckos
  10 orcs
  3 ball pythons
  8 giant cockroaches
  19 goblins
  6 hobgoblins
  4 jackals
  10 kobolds
  4 quokkas
  3 bats
  5 frilled lizards
  A leopard gecko zombie (D:5)
  4 rats
  2 fungi (D:6)
145 creatures vanquished.

Vanquished Creatures (collateral kills)
  An ogre (D:5)
1 creature vanquished.

Vanquished Creatures (others)
  An orc wizard (D:7)
1 creature vanquished.

Grand Total: 147 creatures vanquished

Notes
Turn   | Place    | Note
-------+----------+-------------------------------------------
     0 | D:1      | polve the Draconian Transmuter began the quest for the Orb.
     0 | D:1      | Reached XP level 1. HP: 16/16 MP: 3/3
   317 | D:1      | Reached XP level 2. HP: 14/23 MP: 5/5
   328 | D:1      | Reached skill level 3 in Transmutations
  1050 | D:1      | Reached XP level 3. HP: 22/28 MP: 6/6
  1633 | D:2      | Noticed Robin
  1648 | D:2      | Reached skill level 4 in Transmutations
  1678 | D:2      | Killed Robin
  1678 | D:2      | Reached XP level 4. HP: 25/35 MP: 7/7
  2057 | D:2      | Found a deep blue altar of Sif Muna.
  2778 | D:3      | Noticed a big kobold
  2900 | D:3      | Learned a level 2 spell: Sticks to Snakes
  2904 | D:3      | Learned a level 3 spell: Spider Form
  3539 | D:4      | Reached skill level 5 in Transmutations
  3539 | D:4      | Reached XP level 5. HP: 31/40 MP: 8/8
  4360 | D:4      | Found a sacrificial altar of Ru.
  4401 | D:5      | Entered Level 5 of the Dungeon
  4754 | D:5      | Found a white marble altar of Elyvilon.
  4757 | D:5      | Noticed appiemonkey's ghost (amateur TrMo)
  4770 | D:5      | Reached skill level 6 in Transmutations
  4847 | D:5      | Noticed a necrophage
  4860 | D:5      | Killed a necrophage
  4860 | D:5      | Reached XP level 6. HP: 47/47 MP: 9/9
  5045 | D:5      | Reached skill level 7 in Transmutations
  5231 | D:5      | Noticed an ice beast
  5244 | D:5      | Killed an ice beast
  5244 | D:5      | Your scales start taking on a rich purple colour.
  5244 | D:5      | Reached XP level 7. HP: 33/52 MP: 10/10
  5245 | D:5      | Found a radiant altar of Vehumet.
  5782 | D:5      | Reached skill level 8 in Transmutations
  7465 | D:6      | Reached skill level 9 in Transmutations
  7512 | D:6      | Gained mutation: Your mind is acute. (Int +2) [mutagenic meat]
  7513 | D:6      | Gained mutation: You have a pair of small horns on your head. [mutagenic meat]
  7514 | D:6      | Gained mutation: Your spells are a little easier to cast, but a little less powerful. [mutagenic meat]
  7685 | D:6      | Lost mutation: Your mind is acute. (Int +2) [potion of mutation]
  7685 | D:6      | Lost mutation: Your spells are a little easier to cast, but a little less powerful. [potion of mutation]
  7685 | D:6      | Lost mutation: You have a pair of small horns on your head. [potion of mutation]
  7685 | D:6      | Gained mutation: Your magical capacity is low. (-10% MP) [potion of mutation]
  7685 | D:6      | Gained mutation: Your large and strong wings let you fly indefinitely. [potion of mutation]
  7687 | D:6      | Lost mutation: Your magical capacity is low. (-10% MP) [potion of mutation]
  7687 | D:6      | Lost mutation: Your large and strong wings let you fly indefinitely. [potion of mutation]
  7687 | D:6      | Gained mutation: You have sharp fingernails. [potion of mutation]
  7687 | D:6      | Gained mutation: Your muscles are strong. (Str +2) [potion of mutation]
  8200 | D:6      | Found a runed door.
  8204 | D:6      | Noticed Crazy Yiuf
  8214 | D:6      | Killed Crazy Yiuf
  8214 | D:6      | Reached XP level 8. HP: 29/59 MP: 11/11
  8563 | D:7      | Reached skill level 10 in Transmutations
  9195 | D:7      | Noticed a hippogriff
  9209 | D:7      | Killed a hippogriff
  9209 | D:7      | Reached skill level 5 in Unarmed Combat
  9500 | D:7      | Learned a level 5 spell: Blade Hands
  9509 | D:7      | Found a staircase to the Ecumenical Temple.
  9661 | D:7      | Found a shadowy altar of Dithmenos.
  9769 | D:8      | Noticed a hippogriff
  9776 | D:8      | Killed a hippogriff
  9802 | D:8      | Reached XP level 9. HP: 69/71 MP: 12/12
  9827 | D:8      | Noticed vishdafish's ghost (novice DsFi)
  9836 | D:8      | Killed vishdafish's ghost
  9971 | D:8      | Reached skill level 5 in Fighting
 10270 | D:8      | Mangled by a wyvern

Skill      XL: |  1  2  3  4  5  6  7  8  9 |
---------------+----------------------------+-----
Transmutations | 3 4 5 6 7 9 10 | 10.1
Fighting       | 3 5 |  5.1
Unarmed Combat | 6 7 |  7.6
Dodging        | |  1.7
Spellcasting   | |  2.4

Action                   |  1- 3 |  4- 6 |  7- 9 || total
-------------------------+-------+-------+-------++-------
Melee: Unarmed           |   128 |   312 |   714 ||  1154
       Tailslap          |    15 |    36 |    83 ||   134
       Headbutt          |     2 |    20 |    50 ||    72
       Kick              |     1 |     2 |       ||     3
       Punch             |       |       |    13 ||    13
 Fire: Blowgun           |       |     9 |       ||     9
 Cast: Beastly Appendage |     2 |    14 |    18 ||    34
       Sticks to Snakes  |       |       |     1 ||     1
       Blade Hands       |       |       |     1 ||     1
 Abil: Breathe Dispellin |       |       |    10 ||    10
       Fly               |       |       |     1 ||     1
  Use: Potion            |       |     2 |     6 ||     8
 Stab: Sleeping          |     1 |       |       ||     1
       Invisible         |       |     1 |     1 ||     2
  Eat: Chunk             |     2 |    12 |    25 ||    39
Armor: Skin              |    45 |   108 |   274 ||   427
Dodge: Dodged            |    70 |   179 |   364 ||   613
